 Dungeon Crawl Stone Soup version 0.28-a0-401-ge240ad9e29 (webtiles) character file.

Game seed: 2167834745250978466

193 SkeletonJelly the Spear-Bearer (level 5, -3/41 HPs)
             Began as a Merfolk Chaos Knight on Sept 5, 2021.
             Was a Plaything of Xom.
             Slain by an adder (6 damage)
             ... on level 3 of the Dungeon.
             The game lasted 00:04:07 (2197 turns).

SkeletonJelly the Spear-Bearer (MfCK)               Turns: 2197, Time: 00:04:08

Health: -3/41      AC:  5    Str: 14    XL:     5   Next: 72%
Magic:  5/5        EV: 12    Int: 11    God:    Xom [.....*]
Gold:   106        SH:  0    Dex: 13    Spells: 4/4 levels left

rFire   . . .      SeeInvis .   a - +0 spear (chaos)
rCold   . . .      Faith    .   (no shield)
rNeg    . . .      Spirit   .   b - +2 leather armour
rPois   .          Reflect  .   (no helmet)
rElec   .          Harm     .   (no cloak)
rCorr   .          Rampage  .   (no gloves)
Will    +....                   (no boots)
Stlth   +.........              h - amulet of the acrobat
HPRegen 0.13/turn               (no ring)
MPRegen 0.09/turn               (no ring)

@: no status effects
A: (nimble swimmer 2), mertail, strong-willed 1
a: Renounce Religion


You were on level 3 of the Dungeon.
You worshipped Xom.
You were Xom's teddy bear.
You visited 1 branch of the dungeon, and saw 3 of its levels.

You collected 106 gold pieces.

Inventory:

Hand Weapons
 a - a +0 spear of chaos (weapon)
Missiles
 j - 13 poisoned darts (quivered)
Armour
 b - a +2 leather armour (worn)
Jewellery
 h - an amulet of the acrobat (around neck)
Scrolls
 d - a scroll of immolation {unknown}
 f - 2 scrolls of magic mapping {unknown}
 g - a scroll of vulnerability {unknown}
 i - a scroll of amnesia {unknown}
 k - 2 scrolls of identify {unknown}
Potions
 c - a potion of curing {unknown}
 e - a potion of mutation {unknown}


   Skills:
 - Level 3.2 Fighting
 + Level 9.0 Polearms
 - Level 0.6 Armour
 - Level 2.6 Dodging


You had 4 spell levels left.
You didn't know any spells.
Your spell library contained the following spells:

 Spells                   Type           Power      Damage    Failure   Level
 Slow                     Hex            0%         N/A       56%         2
 Confusing Touch          Hex            0%         N/A       80%         3
 Vampiric Draining        Necr           0%         2d6       80%         3


Dungeon Overview and Level Annotations

Branches:
Dungeon (3/15)

Altars:


Innate Abilities, Weirdness & Mutations

((You are quick and stealthy near water. (Stealth+, EV+, Speed+++)))
Your lower body shifts to a powerful aquatic tail in water.
You are strong-willed. (Will+)


Message History

There is an open door here.
You open the door.
There is a stone staircase leading up here.
You open the door.
A bat, an adder and a dart slug come into view.
The adder hisses angrily.
The dart slug moves out of view.
There are monsters nearby!
There are monsters nearby!
You reach to attack!
You hit the bat. You freeze the bat.
You kill the bat!
You reach to attack!
You barely miss the adder. You closely miss the adder.
You closely miss the adder. The adder bites you but does no damage.
You miss the adder. The adder closely misses you.
You barely miss the adder. The adder bites you but does no damage.
You hit the adder but do no damage.
The adder seems to grow stronger.
The adder bites you.
You are poisoned.
The adder poisons you!
You miss the adder.
You feel sick.
You closely miss the adder.
You feel sick. The adder barely misses you.
You take 7 damage, and have 34/41 hp.
You miss the adder.
You feel sick. The adder completely misses you.
You take 1 damage, and have 33/41 hp.
You hit the adder.
The adder flickers and vanishes!
Deactivating autopickup; reactivate with Ctrl-A.
Something bites you but does no damage.
You miss something.
You feel sick. Something bites you but does no damage.
You reach to attack!
You hit the dart slug. You burn the dart slug.
The dart slug is heavily wounded.
You feel sick. Something bites you.
You are more poisoned.
Something poisons you!
You take 7 damage, and have 26/41 hp.
Something you can't see is in the way.
You closely miss something.
You feel sick. Something bites you.
You take 5 damage, and have 21/41 hp.
You reach to attack!
You hit the dart slug. You burn the dart slug.
The dart slug is severely wounded.
You feel sick. Something bites you.
You take 4 damage, and have 17/41 hp.
You are too injured to fight recklessly!
You are too injured to fight recklessly!
You are too injured to fight recklessly!
You are too injured to fight recklessly!
You are too injured to fight recklessly!
You are too injured to fight recklessly!
You are too injured to fight recklessly!
You are too injured to fight recklessly!
You are too injured to fight recklessly!
You are too injured to fight recklessly!
You are too injured to fight recklessly!
You are too injured to fight recklessly!
You are too injured to fight recklessly!
You are too injured to fight recklessly!
You are too injured to fight recklessly!
You are too injured to fight recklessly!
You are too injured to fight recklessly!
You are too injured to fight recklessly!
You are too injured to fight recklessly!
You are too injured to fight recklessly!
You are too injured to fight recklessly!
You are too injured to fight recklessly!
You are too injured to fight recklessly!
You are too injured to fight recklessly!
You are too injured to fight recklessly!
You are too injured to fight recklessly!
You are too injured to fight recklessly!
You are too injured to fight recklessly!
You are too injured to fight recklessly!
You feel sick. The dart slug launches a dart at you. The slug dart misses you.
You take 2 damage, and have 15/41 hp.
You feel sick.
You take 1 damage, and have 14/41 hp.
You feel sick.
You take 1 damage, and have 13/41 hp.
You feel sick. Something bites you but does no damage.
You take 1 damage, and have 12/41 hp.
You feel sick.
You take 1 damage, and have 11/41 hp.
You feel sick.
You are no longer poisoned.
The dart slug launches a dart at you.
The slug dart hits something.
You take 1 damage, and have 10/41 hp.
Something completely misses you.
There is an open door here.
Something closely misses you.
You barely miss something. Something bites you.
* * * LOW HITPOINT WARNING * * *
You take 6 damage, and have 5/41 hp.
You closely miss something. Something bites you.
* * * LOW HITPOINT WARNING * * *
You take 2 damage, and have 3/41 hp.
You barely miss something. You miss something. Something bites you.
You die...

##.####.#######.# #.# ###
#.# #.# #.# ##+## #.#
##...## #.# ##.....##
####.## ##.....<.##
##.##..#
#.##.........####...##.#
...'......w..'.{@....#.##
#.##.........####...#...##
##.......## #.#.###.#
##.)...## #..# #.# ##...##
#..###.# ##'## #####
#.#...## #.# #...# #.#####
#####.## #...# #.#
#......###...###.#


You could see a dart slug.

Vanquished Creatures
  A hog (shapeshifter) (D:1)
  An adder (D:2)
  A dart slug (D:2)
  3 bats
  4 endoplasms
  A giant cockroach (D:1)
  2 goblins
  4 hobgoblins
  6 quokkas
  3 ball pythons
  3 frilled lizards
  3 kobolds
  3 rats (D:1)
35 creatures vanquished.

Notes
Turn   | Place    | Note
-------+----------+-------------------------------------------
     0 | D:1      | SkeletonJelly the Merfolk Chaos Knight began the quest for
                  | the Orb.
     0 | D:1      | Reached XP level 1. HP: 18/18 MP: 1/1
    95 | D:1      | Reached skill level 5 in Polearms
   267 | D:1      | Reached XP level 2. HP: 24/24 MP: 2/2
   626 | D:1      | XOM: silly message
   805 | D:1      | Noticed a shapeshifter
   805 | D:1      | a kobold changed into a shapeshifter
   806 | D:1      | Noticed a harpy
   806 | D:1      | a shapeshifter changed into a harpy
   808 | D:1      | Noticed a hog
   808 | D:1      | a harpy changed into a hog
   812 | D:1      | Killed a hog
   813 | D:1      | Reached skill level 8 in Polearms
   813 | D:1      | Reached XP level 3. HP: 7/29 MP: 3/3
   813 | D:1      | Reached XP level 4. HP: 9/35 MP: 4/4
   813 | D:1      | Reached XP level 5. HP: 10/41 MP: 5/5
   894 | D:1      | XOM: cloud trail
  1222 | D:2      | Found a faded altar of an unknown god.
  1750 | D:2      | XOM: cloud trail
  1771 | D:2      | XOM: scenery: summon butterflies
  1931 | D:2      | Reached skill level 9 in Polearms
  2151 | D:3      | XOM: give mutation
  2151 | D:3      | Gained mutation: You are strong-willed. (Will+) [Xom's
                  | grace]
  2197 | D:3      | Slain by an adder

Illustrated notes

Levels and vault maps discovered:
D:1:      dpeg_arrival_castle, layout_loops_corners,
          amcnicky_mini_rare_corridor_liquid
D:2:      minmay_evil_eye, layout_loops_ring,
          shapermc_ecumenical_altar_mp_ritualfount,
          minmay_misc_feat_four_crosses, minmay_tall_x
D:3:      layout_loops_corners, nicolae_uskayaw_dance_hall, grunt_decor_cap

Skill      XL: |  1  2  3  4  5 |
---------------+----------------+-----
Polearms       | 5 8 9 |  9.0
Fighting       | |  3.2
Armour         | |  0.6
Dodging        | |  2.6

Action                   |  1- 3 |  4- 6 || total
-------------------------+-------+-------++-------
Melee: Spear             |    51 |    58 ||   109
 Stab: Sleeping          |     2 |     2 ||     4
Armor: Leather armour    |     7 |    11 ||    18
Dodge: Dodged            |    13 |    20 ||    33

Table legend: (Time is in decaauts)
 A = Elapsed time spent in this place.
 B = Non-inter-level travel time spent in this place.
 C = Inter-level travel time spent in this place.
 D = Time resting spent in this place.
 E = Time spent auto-exploring this place.
 F = Levels seen in this place.
 G = Mean time per level.
                   A        B        C        D        E       F      G
               +--------+--------+--------+--------+--------+-----+--------+
         Total |   2145 |   2077 |     68 |      0 |   1834 |   3 |  715.0 |
       Dungeon |   2145 |   2077 |     68 |      0 |   1834 |   3 |  715.0 |
               +--------+--------+--------+--------+--------+-----+--------+

Top non-repeatable levels by time:
     D:1: 1123 daAuts
     D:2: 926 daAuts
     D:3: 95 daAuts
